General information
- name: BNet
- type: Ladder team game (AT/RT)
- host: Battle.net
- saver: BEAR_AND
map: CopperCanyon
- players: 6
- length: 29:29
- speed: Fast
- version: 1.21 W3XP
- replay type:

» download(257 KB)
Players
team 1 (loser)
aBUSEYOURSKILL (
yellow | 90 APM | 2585 actions | 28:49)
6 Pit Lord
3 Rain of Fire
2 Cleaving Attack
1 Doom
» actions
| Assign group hotkey | 89 | |
| Basic commands | 47 | |
| Build / train | 112 | |
| ESC pressed | 7 | |
| Enter build submenu | 37 | |
| Enter hero's abilities submenu | 6 | |
| Give item / drop item | 2 | |
| Right click | 1355 | |
| Select / deselect | 466 | |
| Select group hotkey | 308 | |
| Use ability | 156 | |
2585 total
» units
| Peasant | 23 | |
| Mortar Team | 9 | |
| Sorceress | 6 | |
| Flying Machine | 17 | |
| Siege Engine | 4 | |
59 total
» upgrades
| Masonry | 2 | |
| Sorceress Training | 1 | |
| Flare | 1 | |
| Flak Cannons | 1 | |
| Barrage | 1 | |
| Plating | 2 | |
| Gunpowder | 1 | |
| Lumber Harvesting | 1 | |
10 total
» buildings
| Altar of Kings | 2 | |
| Farm | 9 | |
| Lumber Mill | 3 | |
| Scout Tower | 12 | |
| Guard Tower | 12 | |
| Keep | 1 | |
| Arcane Vault | 1 | |
| Blacksmith | 1 | |
| Workshop | 2 | |
| Arcane Sanctum | 1 | |
| Castle | 1 | |
| Town Hall | 1 | |
46 total
» build order
00:05 Altar of Kings
00:07 Farm
00:08 Altar of Kings
01:25 Lumber Mill
01:42 Scout Tower
02:22 Scout Tower
02:38 Farm
03:26 Scout Tower
03:29 Guard Tower
04:49 Keep
04:51 Scout Tower
05:16 Scout Tower
05:31 Guard Tower
05:45 Guard Tower
06:17 Scout Tower
06:20 Arcane Vault
06:53 Scout Tower
06:55 Guard Tower
07:03 Blacksmith
07:25 Guard Tower
07:59 Workshop
08:01 Workshop
08:15 Arcane Sanctum
09:13 Castle
09:17 Farm
09:26 Farm
11:00 Scout Tower
11:00 Scout Tower
11:14 Scout Tower
11:30 Guard Tower
12:19 Guard Tower
12:19 Guard Tower
12:38 Lumber Mill
13:05 Town Hall
15:55 Scout Tower
16:40 Guard Tower
16:41 Scout Tower
17:05 Farm
17:08 Farm
17:29 Guard Tower
17:52 Farm
17:53 Farm
17:55 Farm
26:05 Lumber Mill
» items
| Boots of Speed | 1 | |
| Scroll of Regeneration | 6 | |
| Lesser Clarity Potion | 4 | |
| Ivory Tower | 3 | |
| Scroll of Town Portal | 6 | |
| Potion of Healing | 1 | |
21 total
Gauda.NOR (
blue | 46 APM | 1367 actions | 29:28)
2 Pit Lord
1 Rain of Fire
1 Howl of Terror
1 Death Knight
1 Death Coil
» actions
| Assign group hotkey | 9 | |
| Basic commands | 56 | |
| Build / train | 19 | |
| ESC pressed | 3 | |
| Enter build submenu | 5 | |
| Enter hero's abilities submenu | 4 | |
| Right click | 456 | |
| Select / deselect | 442 | |
| Select group hotkey | 324 | |
| Use ability | 49 | |
1367 total
» units
» buildings
| Altar of Elders | 1 | |
| Moon Well | 2 | |
| Ancient of War | 1 | |
4 total
» build order
00:03 Altar of Elders
00:05 Moon Well
02:05 Ancient of War
02:16 Moon Well
yda4itebe[RUS] (
purple | 105 APM | 2897 actions | 27:38)
4 Death Knight
2 Death Coil
2 Unholy Aura
4 Lich
2 Frost Nova
2 Frost Armor
4 Naga Sea Witch
2 Frost Arrows
2 Forked Lightning
» actions
| Assign group hotkey | 63 | |
| Basic commands | 182 | |
| Build / train | 61 | |
| ESC pressed | 1 | |
| Enter build submenu | 20 | |
| Enter hero's abilities submenu | 12 | |
| Give item / drop item | 9 | |
| Right click | 1524 | |
| Select / deselect | 438 | |
| Select group hotkey | 471 | |
| Use ability | 116 | |
2897 total
» units
| Acolyte | 7 | |
| Ghoul | 2 | |
| Crypt Fiend | 5 | |
| Gargoyle | 7 | |
| Frost Wyrm | 4 | |
25 total
» upgrades
» buildings
| Graveyard | 1 | |
| Crypt | 4 | |
| Halls of the Dead | 2 | |
| Ziggurat | 7 | |
| Altar of Darkness | 1 | |
| Tomb of Relics | 1 | |
| Black Citadel | 2 | |
| Nerubian Tower | 1 | |
| Sacrificial Pit | 1 | |
| Boneyard | 2 | |
| Necropolis | 1 | |
23 total
» build order
00:27 Graveyard
00:34 Crypt
00:35 Halls of the Dead
00:40 Ziggurat
01:16 Altar of Darkness
01:34 Crypt
01:48 Ziggurat
02:06 Crypt
02:28 Crypt
02:29 Ziggurat
02:46 Tomb of Relics
02:49 Ziggurat
05:23 Black Citadel
05:23 Black Citadel
05:43 Nerubian Tower
07:55 Sacrificial Pit
07:57 Ziggurat
09:23 Boneyard
10:00 Boneyard
12:04 Ziggurat
20:14 Ziggurat
22:56 Necropolis
» items
| Rod of Necromancy | 1 | |
| Scroll of Town Portal | 2 | |
| Orb of Corruption | 1 | |
| Scroll of Healing | 2 | |
| Dust of Appearance | 1 | |
| Potion of Healing | 2 | |
| Potion of Mana | 1 | |
10 total
team 2 (winner)
BEAR_AND (
pink | 165 APM | 4879 actions | 29:29)
5 Archmage
3 Summon Water Elemental
2 Brilliance Aura
3 Mountain King
2 Storm Bolt
1 Thunder Clap
» actions
| Assign group hotkey | 53 | |
| Basic commands | 6 | |
| Build / train | 124 | |
| Enter build submenu | 57 | |
| Enter hero's abilities submenu | 8 | |
| Give item / drop item | 3 | |
| Remove unit from queue | 3 | |
| Right click | 2316 | |
| Select / deselect | 473 | |
| Select group hotkey | 1699 | |
| Use ability | 137 | |
4879 total
» units
| Peasant | 15 | |
| Flying Machine | 37 | |
| Gryphon Rider | 9 | |
61 total
» upgrades
| Masonry | 3 | |
| Gunpowder | 3 | |
| Flak Cannons | 1 | |
| Flying Machine Bombs | 1 | |
| Plating | 3 | |
| Storm Hammers | 1 | |
| Armor | 2 | |
| Magic Sentry | 1 | |
| Lumber Harvesting | 1 | |
16 total
» buildings
| Altar of Kings | 1 | |
| Farm | 10 | |
| Lumber Mill | 6 | |
| Scout Tower | 35 | |
| Guard Tower | 20 | |
| Keep | 2 | |
| Blacksmith | 1 | |
| Arcane Vault | 1 | |
| Arcane Tower | 1 | |
| Workshop | 2 | |
| Castle | 1 | |
| Gryphon Aviary | 1 | |
| Barracks | 1 | |
| Town Hall | 1 | |
| Arcane Sanctum | 1 | |
84 total
» build order
00:08 Altar of Kings
00:19 Farm
00:45 Farm
02:42 Lumber Mill
04:29 Scout Tower
04:30 Scout Tower
04:32 Scout Tower
04:45 Scout Tower
04:47 Scout Tower
04:48 Scout Tower
05:00 Guard Tower
05:04 Scout Tower
05:10 Guard Tower
05:11 Scout Tower
05:18 Guard Tower
05:19 Scout Tower
05:20 Scout Tower
05:29 Scout Tower
05:30 Scout Tower
05:42 Guard Tower
05:44 Scout Tower
05:45 Scout Tower
05:58 Keep
05:58 Keep
06:03 Guard Tower
06:18 Guard Tower
06:34 Lumber Mill
06:46 Guard Tower
06:49 Lumber Mill
06:51 Blacksmith
06:55 Farm
06:56 Farm
07:02 Arcane Vault
07:17 Arcane Tower
07:23 Farm
08:10 Lumber Mill
09:04 Workshop
09:05 Workshop
09:53 Scout Tower
09:53 Scout Tower
09:54 Scout Tower
09:58 Castle
10:11 Farm
10:11 Farm
10:44 Guard Tower
11:25 Guard Tower
11:25 Guard Tower
14:22 Gryphon Aviary
14:40 Barracks
16:07 Town Hall
17:05 Farm
17:06 Farm
18:30 Arcane Sanctum
18:53 Scout Tower
18:53 Scout Tower
18:54 Scout Tower
18:55 Scout Tower
18:55 Scout Tower
18:56 Scout Tower
18:57 Scout Tower
19:42 Guard Tower
20:38 Guard Tower
20:42 Guard Tower
21:10 Guard Tower
21:39 Guard Tower
22:25 Guard Tower
22:43 Scout Tower
22:44 Scout Tower
22:45 Scout Tower
22:46 Scout Tower
22:47 Scout Tower
22:47 Scout Tower
22:48 Scout Tower
22:49 Scout Tower
23:12 Guard Tower
23:40 Guard Tower
24:07 Scout Tower
24:07 Scout Tower
24:08 Scout Tower
24:10 Guard Tower
24:46 Lumber Mill
24:52 Lumber Mill
25:11 Farm
25:33 Guard Tower
» items
| Scroll of Town Portal | 3 | |
| Scroll of Regeneration | 1 | |
| Lesser Clarity Potion | 1 | |
| Staff of Sanctuary | 1 | |
6 total
iggy_the_fisk (
green | 90 APM | 2657 actions | 29:29)
4 Archmage
2 Summon Water Elemental
2 Brilliance Aura
» actions
| Assign group hotkey | 351 | |
| Basic commands | 22 | |
| Build / train | 51 | |
| Enter build submenu | 23 | |
| Enter hero's abilities submenu | 4 | |
| Remove unit from queue | 5 | |
| Right click | 1610 | |
| Select / deselect | 423 | |
| Select group hotkey | 59 | |
| Use ability | 109 | |
2657 total
» units
» upgrades
» buildings
| Altar of Kings | 2 | |
| Farm | 3 | |
| Lumber Mill | 3 | |
| Scout Tower | 5 | |
| Arcane Tower | 1 | |
| Guard Tower | 2 | |
| Arcane Vault | 1 | |
| Town Hall | 3 | |
20 total
» build order
00:03 Altar of Kings
00:08 Farm
00:42 Farm
01:26 Farm
02:07 Lumber Mill
02:43 Scout Tower
03:22 Arcane Tower
04:04 Scout Tower
04:07 Scout Tower
04:27 Scout Tower
04:32 Guard Tower
04:35 Scout Tower
05:05 Lumber Mill
05:33 Guard Tower
07:27 Arcane Vault
10:47 Town Hall
14:52 Town Hall
18:48 Town Hall
24:33 Altar of Kings
25:37 Lumber Mill
» items
| Scroll of Town Portal | 3 | |
| Orb of Venom | 1 | |
| Potion of Healing | 1 | |
5 total
Timg4stroK (
teal | 133 APM | 3925 actions | 29:29)
7 Pandaren Brewmaster
3 Breath of Fire
2 Drunken Haze
1 Drunken Brawler
1 Storm Earth and Fire
3 Keeper of the Grove
2 Entangling Roots
1 Thorns Aura
» actions
| Assign group hotkey | 31 | |
| Basic commands | 207 | |
| Build / train | 109 | |
| ESC pressed | 2 | |
| Enter build submenu | 23 | |
| Enter hero's abilities submenu | 10 | |
| Give item / drop item | 4 | |
| Right click | 1661 | |
| Select / deselect | 401 | |
| Select group hotkey | 1361 | |
| Use ability | 116 | |
3925 total
» units
» upgrades
| Improved Bows | 1 | |
| Strength of the Moon | 2 | |
| Ultravision | 1 | |
| Abolish Magic | 1 | |
| Nature's Blessing | 1 | |
| Strength of the Wild | 3 | |
| Reinforced Hides | 2 | |
| Moon Armor | 1 | |
| Marksmanship | 1 | |
| Well Spring | 1 | |
14 total
» buildings
| Moon Well | 5 | |
| Altar of Elders | 2 | |
| Tree of Life | 4 | |
| Ancient of War | 2 | |
| Tree of Ages | 1 | |
| Hunter's Hall | 1 | |
| Ancient of Lore | 2 | |
| Ancient of Wonders | 1 | |
| Tree of Eternity | 1 | |
| Ancient of Wind | 1 | |
20 total
» build order
00:11 Moon Well
01:15 Altar of Elders
01:41 Tree of Life
01:44 Ancient of War
02:10 Ancient of War
03:29 Moon Well
04:57 Moon Well
06:15 Tree of Ages
07:37 Hunter's Hall
09:28 Ancient of Lore
09:29 Ancient of Lore
09:40 Ancient of Wonders
11:40 Tree of Eternity
12:27 Moon Well
13:00 Moon Well
15:20 Tree of Life
20:09 Altar of Elders
20:13 Tree of Life
20:19 Tree of Life
23:57 Ancient of Wind
» items
| Scroll of Regeneration | 4 | |
| Scroll of Town Portal | 5 | |
| Potion of Healing | 2 | |
| Potion of Mana | 1 | |
| Boots of Speed | 1 | |
| Orb of Venom | 2 | |
| Scroll of Healing | 1 | |
| Staff of Preservation | 1 | |
17 total
Chat log
(00:26 / All) Gauda.NOR: your mother is cold as fisk
(00:38 / All) aBUSEYOURSKILL: NORGE !
(00:46 / All) yda4itebe[RUS]: hi
(00:47 / All) iggy_the_fisk: norge suger daim skicka vidare
(23:55 / All) iggy_the_fisk: nope runoob
(24:24 / All) iggy_the_fisk: gå och ta på er toppluvorna och åk skidor era rumpnissar
(26:35 / All) iggy_the_fisk: Runoob
(26:38 / All) BEAR_AND: GG
(27:40 / All) BEAR_AND: yep
(27:41 / All) BEAR_AND: YEP
(27:43 / All) BEAR_AND: NOOB
(27:45 / All) BEAR_AND: PUTINOOB
(27:46 / All) iggy_the_fisk: skitnorge sug mitt daimkryss
(27:46 / All) iggy_the_fisk: tack
(28:51 / All) BEAR_AND: BYE
(29:07 / All) iggy_the_fisk: gå och be till gud skitnorrman